 Dungeon Crawl Stone Soup version 0.17-a0-1164-g0ba867e (webtiles) character file.

266091 Fluffy the Warrior (level 19, -2/185 HPs)
             Began as a Minotaur Fighter on May 27, 2015.
             Was the Champion of Okawaru.
             Shot with an arrow of frost by a deep elf master archer (3 damage)
             ... on level 3 of the Elven Halls on May 28, 2015.
             The game lasted 02:55:24 (35377 turns).

Fluffy the Warrior (Minotaur Fighter)              Turns: 35377, Time: 02:55:26

Health: -2/185     AC: 29    Str: 22    XL:     19   Next: 31%
Magic:  33/34      EV: 29    Int: 12    God:    Okawaru [******]
Gold:   3824       SH:  9    Dex: 20    Spells: 0 memorised, 18 levels left

rFire  + + .     SeeInvis +     Z - +9 double sword of the Countless Mice {venom, +Inv MR- MP+9}
rCold  + . .     Clarity  .     s - +4 scale mail "Tovogot" {rF+ Regen+ Int+7 SInv}
rNeg   + + +     SustAt   .     B - +1 buckler "Ofuilur" {rN+}
rPois  +         Gourm    .     G - +1 hat of the Camelopard {rPois rN+ Regen+ Stlth+}
rElec  .         Spirit   .     f - +2 cloak {MR+}
rCorr  +         Warding  .     k - +2 pair of gloves {rC+}
rMut   .         Stasis   .     E - +2 pair of boots {run}
MR     ++...                    z - amulet of resist corrosion
Stlth  ++........               Y - ring "Hischuib" {rPois rF+ rN+ Dex+3 Stlth-}
                                H - ring of protection from magic

@: heroism, finesse, quick, very resistant to hostile enchantments, unstealthy
A: retaliatory headbutt, horns 2, screaming 1
a: Heroism, Finesse, Renounce Religion, Evoke Invisibility
}: 2/15 runes: barnacled, gossamer


You were on level 3 of the Elven Halls.
You worshipped Okawaru.
Okawaru was exalted by your worship.
You were not hungry.

You visited 7 branches of the dungeon, and saw 36 of its levels.
You visited the Abyss 1 time.
You also visited: Ice Cave.

You collected 4687 gold pieces.
You spent 863 gold pieces at shops.

Inventory:

Hand weapons
 I - a +3 scimitar of flaming
 Q - a +1 triple sword of freezing
 Z - the +9 double sword of the Countless Mice (weapon) {venom, +Inv MR- MP+9}
   (Okawaru gifted it to you on level 12 of the Dungeon)

   It poisons the flesh of those it strikes.
   It affects your resistance to hostile enchantments.
   It affects your magic capacity (+9).
   It lets you turn invisible.
Armour
 f - a +2 cloak of magic resistance (worn)
 k - a +2 pair of gloves of cold resistance (worn)
 s - the +4 scale mail "Tovogot" (worn) {rF+ Regen+ Int+7 SInv}
   (You found it on level 4 of the Shoals)

   It affects your intelligence (+7).
   It protects you from fire.
   It lets you see invisible.
   It increases your rate of regeneration.
 B - the +1 buckler "Ofuilur" (worn) {rN+}
   (You acquired it on level 4 of the Shoals)

   It protects you from negative energy.
 E - a +2 pair of boots of running (worn)
 G - the +1 hat of the Camelopard (worn) {rPois rN+ Regen+ Stlth+}
   (You acquired it on level 8 of the Dungeon)

   It protects you from poison.
   It protects you from negative energy.
   It increases your rate of regeneration.
   It makes you more stealthy.
Jewellery
 x - an uncursed ring of protection from fire
 z - an amulet of resist corrosion (around neck)
 H - a ring of protection from magic (left hand)
 Y - the ring "Hischuib" (right hand) {rPois rF+ rN+ Dex+3 Stlth-}
   (You bought it in a shop on level 11 of the Dungeon)

   [ring of positive energy]

   It affects your dexterity (+3).
   It protects you from fire.
   It protects you from poison.
   It protects you from negative energy.
   It makes you less stealthy.
Magical devices
 h - a wand of cold (0)
 m - a wand of cold (6)
 t - a wand of digging (2)
 w - a wand of cold (6)
 y - a wand of draining (5)
 K - a wand of hasting (7)
 M - a wand of digging (14)
 R - a wand of teleportation (5)
 T - a wand of fireball (2)
 V - a wand of heal wounds (4)
 W - a wand of digging (8)
Scrolls
 a - 4 scrolls of recharging
 i - 18 scrolls of remove curse
 l - 9 scrolls of identify
 p - 2 scrolls of silence
 D - 5 scrolls of enchant armour
 J - 2 scrolls of enchant weapon
 O - 8 scrolls of teleportation
 X - a scroll of blinking
Potions
 c - 2 potions of flight
 d - 6 potions of might
 g - 13 potions of curing
 o - 3 potions of resistance
 q - 9 potions of agility
 r - a potion of heal wounds
 u - a potion of invisibility
 F - 7 potions of haste
 N - 2 potions of cancellation
 P - a potion of cure mutation
Miscellaneous
 A - a fan of gales
 S - a lamp of fire
 U - a phial of floods
Comestibles
 b - 2 royal jellies
 e - 18 bread rations
 j - 7 slices of pizza
 n - 28 fruits
 v - 16 meat rations
 L - 11 beef jerkies


   Skills:
 + Level 20.1(25.1) Fighting
 + Level 20.0(25.0) Long Blades
 + Level 18.6(23.6) Armour
 + Level 17.1(22.1) Dodging
 - Level 7.3(12.3) Shields
 - Level 10.0 Invocations


You had 18 spell levels left.
You didn't know any spells.

Dungeon Overview and Level Annotations

Branches:
Dungeon (12/15)            Temple (1/1) D:7            Lair (8/8) D:9
 Shoals (4/4) Lair:3       Spider (4/4) Lair:4        Slime (0/6) Lair:7
    Orc (4/4) D:12            Elf (3/3) Orc:4

Altars:
Ashenzari
Cheibriados
Dithmenos
Elyvilon
Fedhas
Gozag
Kikubaaqudgha
Makhleb
Nemelex Xobeh
Okawaru
Qazlal
Ru
Sif Muna
Trog
Vehumet
Xom
Yredelemnul
Zin
The Shining One

Shops:
D:4 :   D:7 =}   D:8 %   D:11 ==}=   Orc:4 (*:(%

Portals:
Hell: Lair:8

Annotations:
Lair:4 exclusion: 2 oklob plants


Innate Abilities, Weirdness & Mutations

You reflexively headbutt those who attack you in melee.
You have a pair of horns on your head.
You occasionally shout uncontrollably at your foes.


Message History

You slash the deep elf annihilator!
The deep elf annihilator is poisoned.
The deep elf annihilator is moderately wounded.
The deep elf master archer shoots an arrow of frost.
The arrow of frost completely misses you.
Unknown command.
You slice the deep elf mage!!
The deep elf mage is poisoned.
The deep elf mage is almost dead.
You kill the deep elf mage!
Okawaru accepts your kill.
The deep elf annihilator hits you but does no damage.
Space warps horribly around you!
* * * LOW HITPOINT WARNING * * *
You barely miss the deep elf annihilator.
You headbutt the deep elf annihilator!
The deep elf annihilator is heavily wounded.
The deep elf master archer shoots an arrow of frost.
The arrow of frost hits you!!
* * * LOW HITPOINT WARNING * * *
The arrow of frost freezes you.
You die...

. #. ..##... ....... ###
#....e. ##.## ##..#..
##...###....#
####.....#.....## .
####.))..⌠).)..ee..# ..
.)...##.....#..)@)#### ...
.....###...###..e.##.##...!
###### ##.## ##(.#....e#..#
###...#(...)).....#
#.......))()......
#.......##(..(.##.. ######
....#..(.##...## .....# .$.
##... ##+## .....# .[ ....#


You could see a deep elf master archer, 2 deep elf annihilators and a deep elf
fighter.

Vanquished Creatures
  Rupert (Lair:6)
  A Hell Sentinel (Abyss:2)
  3 deep elf blademasters
  A deep elf master archer (Elf:3)
  Polyphemus (Shoals:2)
  Frances (Shoals:2)
  A kraken (Shoals:1)
  2 tentacled starspawn (Abyss:2)
  Kirke (Shoals:1)
  Roxanne (Shoals:2)
  Ilsuiw (Shoals:4)
  3 deep elf sorcerers (Elf:3)
  4 ghost moths
  A balrug (Elf:3)
  6 emperor scorpions (Spider:4)
  A very ugly thing (Abyss:2)
  A stone giant (Shoals:2)
  11 starcursed masses (Abyss:2)
  6 deep elf demonologists
  4 deep elf annihilators
  The ghost of Borgoz the Fighter, a powerful HOFi of Makhleb (Lair:2)
  4 merfolk javelineers (Shoals:4)
  The ghost of quik the Thrower, a powerful CeHu of Fedhas (IceCv)
  Snorg (Lair:6)
  4 deep elf death magi
  The ghost of Xoff the Covert, a powerful GrFi (Lair:8)
  2 deep elf high priests
  6 merfolk impalers
  Josephine (D:10)
  A catoblepas (Shoals:2)
  An entropy weaver (Spider:1)
  15 hydras
  2 ogre magi (Orc:4)
  3 alligator snapping turtles
  Erica (D:9)
  6 merfolk avatars
  15 dancing weapons (Elf:2)
  4 merfolk aquamancers (Shoals:4)
  A thrashing horror (Abyss:2)
  A satyr (Shoals:3)
  2 death yaks (Shoals:2)
  2 orc high priests
  Urug (Lair:1)
  Sonja (D:12)
  4 small abominations
  Nergalle (D:11)
  16 deep elf knights
  3 wretched stars (Abyss:2)
  An ice devil (Abyss:2)
  2 deep trolls (Orc:4)
  13 sea snakes
  4 hell knights (Abyss:2)
  6 hill giants
  A harpy (shapeshifter) (Elf:2)
  An ice statue (IceCv)
  A wizard (Lair:8)
  19 harpies
  10 deep elf conjurers
  The ghost of hyperkellhus the Reanimator, an experienced KoWn (D:6)
  14 deep elf summoners
  2 sixfirhies
  14 orb spiders
  2 necromancers
  An orc knight (Orc:2)
  11 griffons
  17 wolf spiders
  2 moths of wrath
  An ugly thing (D:11)
  10 water nymphs
  14 cyclopes
  A hornet (Spider:2)
  10 manticores
  An orc sorcerer (Orc:2)
  4 fauns
  An octopode (shapeshifter) (Elf:2)
  17 elephants
  A black mamba (Lair:8)
  2 gargoyles
  A worldbinder (Abyss:2)
  9 sirens
  A torpor snail (Spider:2)
  2 smoke demons
  A molten gargoyle (Lair:8)
  19 spiny frogs
  3 centaur skeletons
  7 demonic crawlers
  A yaktaur (shapeshifter) (D:11)
  2 orange demons (Lair:8)
  6 fire drakes
  12 deep elf priests
  A hellwing (Lair:8)
  10 trolls
  7 komodo dragons
  11 jumping spiders
  3 red devils (Lair:8)
  29 merfolk
  18 blink frogs
  4 blue devils (Lair:8)
  7 two-headed ogres
  10 freezing wraiths (IceCv)
  9 snapping turtles
  2 wind drakes (Shoals:4)
  20 deep elf magi
  3 raiju (Abyss:2)
  A boulder beetle (Spider:2)
  11 tarantellas
  Sigmund (D:3)
  A water elemental (Shoals:4)
  27 redbacks
  5 wyverns (Lair:4)
  2 neqoxecs
  30 trapdoor spiders
  16 wolves
  3 fire bats (Lair:8)
  19 deep elf fighters
  Eustachio (D:6)
  A steam dragon (D:11)
  19 hippogriffs
  6 hogs (Shoals:2)
  7 wraiths
  6 basilisks
  Grum (D:9)
  35 yaks
  2 large abominations (Abyss:2)
  A ynoxinul (Abyss:2)
  3 mottled dragons
  3 wargs
  4 vampire mosquitoes (D:12)
  A hell hound (Lair:8)
  5 porcupines
  17 ice beasts
  3 sky beasts
  3 phantoms
  2 black bears
  2 necrophages
  23 orc warriors
  6 spiders
  23 ogres
  A swamp drake (Orc:2)
  2 alligator simulacra (IceCv)
  13 water moccasins
  6 centaurs
  14 giant frogs
  2 big kobolds
  A wyvern zombie (D:12)
  A gnoll sergeant (D:7)
  15 crocodiles
  6 scorpions
  4 wights (D:11)
  9 killer bees (D:10)
  A swamp dragon simulacrum (IceCv)
  A lava snake (Lair:8)
  A giant frog zombie (D:9)
  3 centaur zombies
  6 crimson imps
  An iron imp (Orc:2)
  7 draconian simulacra (IceCv)
  A wasp zombie (D:9)
  2 giant frog skeletons
  5 jellies
  9 hounds
  Crazy Yiuf (D:7)
  2 gnoll shamans
  26 orc priests
  Jessica (D:2)
  38 orc wizards
  2 spriggan simulacra (IceCv)
  6 iguanas
  8 hell rats
  3 troll simulacra (IceCv)
  19 sheep
  7 worker ants
  A wolf simulacrum (IceCv)
  2 centaur simulacra (IceCv)
  A hound skeleton (D:10)
  A worker ant zombie (D:10)
  56 river rats
  12 adders
  3 naga simulacra (IceCv)
  3 ogre simulacra (IceCv)
  19 gnolls
  2 shadow imps
  13 white imps
  2 ufetubi
  2 adder skeletons
  3 adder zombies
  5 worms
  7 giant geckos
  199 orcs
  A bat skeleton (D:4)
  A bat zombie (D:7)
  4 giant cockroaches
  26 hobgoblins
  31 kobolds
  12 bats
  2 giant gecko skeletons
  3 giant newts
  27 goblins
  5 quokkas
  A quokka skeleton (D:10)
  A quokka zombie (D:5)
  16 rats
  A crawling corpse (Elf:3)
  2 fungi
  5 plants
  8 tentacles
1525 creatures vanquished.

Vanquished Creatures (collateral kills)
  A merfolk (Shoals:1)
1 creature vanquished.

Vanquished Creatures (others)
  A deep elf knight (Elf:2)
  A drowned soul (Shoals:4)
  A merfolk (Shoals:4)
  A tarantella (Spider:3)
  2 deep elf magi (Elf:2)
  A spriggan (D:11)
  A neqoxec (Abyss:2)
  A deep elf fighter (Elf:1)
  An ogre (Orc:4)
  5 lost souls
  An orc priest (Orc:2)
  A lurking horror (Abyss:2)
  20 plants (Shoals:2)
  10 starspawn tentacles (Abyss:2)
  58 starspawn tentacle segments (Abyss:2)
  13 tentacles
  314 tentacle segments
432 creatures vanquished.

Grand Total: 1958 creatures vanquished

Notes
Turn   | Place    | Note
--------------------------------------------------------------
     0 | D:1      | Fluffy the Minotaur Fighter began the quest for the Orb.
     0 | D:1      | Reached XP level 1. HP: 19/19 MP: 0/0
   232 | D:1      | Reached XP level 2. HP: 27/27 MP: 1/1
   317 | D:1      | Reached skill level 4 in Armour
   793 | D:2      | Reached XP level 3. HP: 30/33 MP: 2/2
   906 | D:2      | Noticed Jessica
   912 | D:2      | Killed Jessica
  1054 | D:2      | Found a stormy altar of Qazlal.
  1129 | D:2      | Reached XP level 4. HP: 41/41 MP: 3/3
  1330 | D:3      | Found an opulent altar of Gozag.
  1381 | D:3      | Reached skill level 5 in Armour
  1769 | D:3      | Noticed Sigmund
  1793 | D:3      | Killed Sigmund
  1793 | D:3      | Reached skill level 5 in Fighting
  1793 | D:3      | Reached XP level 5. HP: 13/48 MP: 4/4
  1793 | D:3      | Reached XP level 6. HP: 15/56 MP: 5/5
  2329 | D:4      | Reached skill level 5 in Long Blades
  2329 | D:4      | Reached skill level 6 in Armour
  2495 | D:3      | Reached XP level 7. HP: 53/63 MP: 6/6
  2793 | D:4      | Found Dosawk's Book Shoppe.
  2951 | D:4      | Reached skill level 7 in Armour
  3729 | D:5      | Entered Level 5 of the Dungeon
  3887 | D:5      | Reached XP level 8. HP: 73/73 MP: 7/7
  4232 | D:5      | Found an ancient bone altar of Kikubaaqudgha.
  4267 | D:5      | Reached skill level 8 in Armour
  4564 | D:6      | Found a glowing golden altar of the Shining One.
  4592 | D:6      | Noticed hyperkellhus's ghost (experienced KoWn)
  4662 | D:6      | Killed hyperkellhus's ghost
  4662 | D:6      | Reached skill level 9 in Armour
  5071 | D:6      | Reached XP level 9. HP: 63/82 MP: 8/8
  5229 | D:6      | Noticed Eustachio
  5258 | D:6      | Killed Eustachio
  5290 | D:6      | Found a shattered altar of Ashenzari.
  5567 | D:7      | Found Gufunuad's Quality Used Wands.
  5633 | D:7      | Found a staircase to the Ecumenical Temple.
  5642 | Temple   | Entered the Ecumenical Temple
  5653 | Temple   | Became a worshipper of Warmaster Okawaru
  5742 | D:7      | Reached skill level 1 in Invocations
  6154 | D:7      | Found Ypaloloz's Jewellery Shop.
  6237 | D:7      | Acquired Okawaru's first power
  6384 | D:7      | Reached skill level 10 in Armour
  6432 | D:7      | Noticed Crazy Yiuf
  6443 | D:7      | Killed Crazy Yiuf
  6676 | D:8      | Found a burning altar of Makhleb.
  6959 | D:8      | Reached skill level 10 in Fighting
  6959 | D:8      | Reached skill level 1 in Dodging
  6980 | D:8      | Identified a scroll of acquirement
  6981 | D:8      | Got a shimmering hat
  6992 | D:8      | Identified the +1 hat of the Camelopard {rPois rN+ Regen+ Stlth+} (You acquired it on level 8 of the Dungeon)
  7159 | D:8      | Reached XP level 10. HP: 93/93 MP: 11/11
  7342 | D:8      | Found Wiwef's Food Boutique.
  7607 | D:9      | Found a staircase to the Lair.
  7662 | D:9      | Reached skill level 10 in Long Blades
  7699 | D:9      | Noticed Erica
  7712 | D:9      | Killed Erica
  8145 | D:9      | Noticed Grum
  8154 | D:9      | Reached skill level 11 in Fighting
  8154 | D:9      | Reached skill level 5 in Invocations
  8161 | D:9      | Killed Grum
  8343 | Lair:1   | Entered Level 1 of the Lair of Beasts
  8360 | Lair:1   | Noticed Urug
  8379 | Lair:1   | Killed Urug
  8379 | Lair:1   | Reached skill level 5 in Dodging
  8442 | Lair:1   | Noticed a seven-headed hydra
  8452 | Lair:1   | Killed a three-headed hydra
  8452 | Lair:1   | Acquired Okawaru's second power
  8452 | Lair:1   | Reached XP level 11. HP: 34/102 MP: 14/14
  9174 | Lair:2   | Noticed an eight-headed hydra
  9188 | Lair:2   | Killed a three-headed hydra
  9188 | Lair:2   | Reached skill level 12 in Fighting
  9337 | Lair:2   | Noticed Borgoz's ghost (powerful HOFi)
  9386 | Lair:2   | Killed Borgoz's ghost
  9903 | Lair:3   | Found a staircase to the Shoals.
 10271 | Lair:3   | Received a gift from Okawaru
 10626 | Lair:4   | Reached XP level 12. HP: 105/113 MP: 16/16
 10669 | Lair:4   | Noticed an eight-headed hydra
 10677 | Lair:4   | Killed a four-headed hydra
 10859 | Lair:4   | Reached skill level 13 in Fighting
 11099 | Lair:4   | Noticed a five-headed hydra
 11112 | Lair:4   | Killed a one-headed hydra
 11136 | Lair:4   | Received a gift from Okawaru
 11341 | Lair:4   | Found a hole to the Spider Nest.
 11733 | Lair:5   | Noticed a six-headed hydra
 11745 | Lair:5   | Killed a three-headed hydra
 11745 | Lair:5   | Received a gift from Okawaru
 11746 | Lair:5   | Got a pair of bloodstained boots {god gift}
 11757 | Lair:5   | Identified the +0 pair of boots of Purpose {rF- Slay+2 SInv} (Okawaru gifted it to you on level 5 of the Lair of Beasts)
 11778 | Lair:5   | Noticed a five-headed hydra
 11785 | Lair:5   | Killed a one-headed hydra
 12291 | Lair:6   | Reached XP level 13. HP: 115/123 MP: 18/18
 12395 | Lair:6   | Noticed Rupert
 12412 | Lair:6   | Killed Rupert
 12412 | Lair:6   | Reached skill level 14 in Fighting
 12543 | Lair:6   | Noticed Snorg
 12551 | Lair:6   | Killed Snorg
 12627 | Lair:6   | Noticed a seven-headed hydra
 12638 | Lair:6   | Killed a two-headed hydra
 12845 | Lair:6   | Reached skill level 10 in Dodging
 12859 | Lair:6   | Got a pitted shortbow
 13127 | Lair:6   | Received a gift from Okawaru
 13909 | Lair:7   | Reached skill level 10 in Invocations
 13959 | Lair:7   | Received a gift from Okawaru
 14095 | Lair:7   | Found a staircase to the Slime Pits.
 14343 | Lair:7   | Reached XP level 14. HP: 133/133 MP: 20/20
 14514 | Lair:8   | Entered Level 8 of the Lair of Beasts
 14762 | Lair:8   | Received a gift from Okawaru
 14762 | Lair:8   | Reached skill level 15 in Fighting
 14971 | Lair:8   | Reached skill level 15 in Long Blades
 15038 | Lair:8   | Noticed Xoff's ghost (powerful GrFi)
 15063 | Lair:8   | Killed Xoff's ghost
 15630 | Lair:8   | Found a burning altar of Makhleb.
 15698 | Lair:8   | Found a gateway to Hell.
 16109 | D:10     | Entered Level 10 of the Dungeon
 16579 | D:10     | Noticed Josephine
 16589 | D:10     | Killed Josephine
 17259 | D:10     | Upgraded the game from 0.17-a0-1150-g17b0b87 to 0.17-a0-1164-g0ba867e
 17293 | D:11     | Received a gift from Okawaru
 17414 | D:11     | Found Tatoem's Jewellery Shop.
 17449 | D:11     | Noticed Nergalle
 17456 | D:11     | Killed Nergalle
 17556 | D:11     | Found Afofytom's Jewellery Emporium.
 17646 | D:11     | Found Ujaetil's Gadget Emporium.
 17687 | D:11     | Received a gift from Okawaru
 17704 | D:11     | Found Secequ's Book Shop.
 17719 | D:11     | Found Hoklaux's Jewellery Emporium.
 18136 | D:12     | Reached skill level 16 in Fighting
 18212 | D:12     | Received a gift from Okawaru
 18213 | D:12     | Got a brightly glowing double sword {god gift}
 18214 | D:12     | Identified the +9 double sword of the Countless Mice {venom, +Inv MR- MP+9} (Okawaru gifted it to you on level 12 of the Dungeon)
 18288 | D:12     | Found a staircase to the Orcish Mines.
 18707 | D:12     | Noticed Sonja
 19057 | D:12     | Killed Sonja
 19394 | D:12     | Reached XP level 15. HP: 143/143 MP: 21/21
 19459 | Orc:1    | Entered Level 1 of the Orcish Mines
 19822 | Orc:1    | Found a bloodstained altar of Trog.
 19912 | Orc:2    | Found a frozen archway.
 19965 | IceCv    | Entered an ice cave
 20168 | IceCv    | Noticed quik's ghost (powerful CeHu)
 20206 | IceCv    | Killed quik's ghost
 20272 | IceCv    | Found an ancient bone altar of Kikubaaqudgha.
 21292 | Orc:2    | Paralysed by an orc sorcerer for 2 turns
 21444 | Orc:2    | Received a gift from Okawaru
 21471 | Orc:2    | Got a shimmering great sword {god gift}
 21508 | Orc:2    | Identified the +7 great sword "Sigyhui" {freeze, Dex+3} (Okawaru gifted it to you on level 2 of the Orcish Mines)
 21572 | Orc:2    | Got a fine robe
 21608 | Orc:2    | Identified the cursed +0 robe "Datuvvuwn" {-Tele rN+ MR+ MP+9} (You found it on level 2 of the Orcish Mines)
 22429 | Orc:4    | Entered Level 4 of the Orcish Mines
 22454 | Orc:4    | Found a staircase to the Elven Halls.
 22478 | Orc:4    | Found Zocloxo's Weapon Boutique.
 22756 | Orc:4    | Found Unahugg's Weapon Boutique.
 22757 | Orc:4    | Found Kaazo's General Store.
 22842 | Orc:4    | Received a gift from Okawaru
 22854 | Orc:4    | Found Ocoegagg's Book Emporium.
 22907 | Orc:4    | Found Qoisio's Food Shoppe.
 23166 | Orc:4    | Bought a +0 pair of boots of running for 346 gold pieces
 23431 | D:11     | Bought the ring "Hischuib" {rPois rF+ rN+ Dex+3 Stlth-} for 517 gold pieces
 23678 | Spider:1 | Entered Level 1 of the Spider Nest
 24567 | Spider:2 | Reached skill level 17 in Fighting
 25137 | Spider:2 | Received a gift from Okawaru
 25494 | Spider:3 | Reached XP level 16. HP: 99/154 MP: 22/22
 25824 | Spider:3 | Reached skill level 15 in Armour
 26038 | Spider:4 | Entered Level 4 of the Spider Nest
 26881 | Spider:4 | Received a gift from Okawaru
 26927 | Spider:4 | Received a gift from Okawaru
 27169 | Spider:4 | Got a gossamer rune of Zot
 27431 | Shoals:1 | Entered Level 1 of the Shoals
 28059 | Shoals:1 | Reached skill level 18 in Fighting
 28402 | Shoals:2 | Noticed Polyphemus
 28439 | Shoals:2 | Killed Polyphemus
 28617 | Shoals:2 | Noticed Roxanne
 28672 | Shoals:2 | Killed Roxanne
 28674 | Shoals:2 | Identified Roxanne's Reference Book on the Mountains (You took it off Roxanne on level 2 of the Shoals)
 28704 | Shoals:2 | Noticed Kirke
 29103 | Shoals:1 | Killed Kirke
 29103 | Shoals:1 | Reached XP level 17. HP: 163/163 MP: 23/23
 29282 | Shoals:2 | Reached skill level 5 in Shields
 29333 | Shoals:2 | Noticed Frances
 29354 | Shoals:2 | Killed Frances
 29925 | Shoals:3 | Received a gift from Okawaru
 30080 | Shoals:3 | Reached skill level 15 in Dodging
 30664 | Shoals:4 | Entered Level 4 of the Shoals
 30673 | Shoals:4 | Noticed Ilsuiw
 30697 | Shoals:4 | Killed Ilsuiw
 30697 | Shoals:4 | Received a gift from Okawaru
 30872 | Shoals:4 | Got an ichor-stained buckler
 30883 | Shoals:4 | Identified the +1 buckler "Ofuilur" {rN+} (You acquired it on level 4 of the Shoals)
 31376 | Shoals:4 | Got a spiked scale mail
 31401 | Shoals:4 | Identified the +4 scale mail "Tovogot" {rF+ Regen+ Int+7 SInv} (You found it on level 4 of the Shoals)
 31433 | Shoals:4 | Received a gift from Okawaru
 31498 | Shoals:4 | Got a barnacled rune of Zot
 31669 | Shoals:4 | Identified the Almanac of Attacks
 31700 | Shoals:4 | Reached XP level 18. HP: 174/174 MP: 24/24
 32336 | Elf:1    | Entered Level 1 of the Elven Halls
 32698 | Elf:1    | Reached skill level 19 in Fighting
 33351 | Elf:2    | Received a gift from Okawaru
 33593 | Elf:2    | Found a runed gate.
 33593 | Elf:2    | Found a runed gate.
 33596 | Elf:2    | Found a runed gate.
 34295 | Elf:3    | Entered Level 3 of the Elven Halls
 34383 | Elf:3    | Cast into the Abyss (a deep elf demonologist)
 34583 | Abyss:2  | Gained mutation: You occasionally shout uncontrollably at your foes. [a neqoxec]
 34924 | Abyss:2  | Received a gift from Okawaru
 34973 | Abyss:2  | Reached XP level 19. HP: 181/184 MP: 25/25
 35061 | Elf:3    | Escaped the Abyss
 35325 | Elf:3    | Reached skill level 20 in Fighting
 35377 | Elf:3    | HP: 1/185 [deep elf master archer/arrow of frost (19)]
 35377 | Elf:3    | Shot with an arrow of frost by a deep elf master archer

Vault maps used:
D:1:      lightli_arrival_noodles, st_stairs_12
D:2:      grunt_qazlal_clouds, minmay_goblin_kobold_house, uniq_jessica
D:3:      first_bread, nicolae_gozag_seed_capital, uniq_sigmund
D:4:      corexii_shack_village, serial_shops, kennysheep_mini_moat
D:5:      nicolae_overflow_hidden_temple
D:6:      kennysheep_little_box, cheibrodos_ashenzari_chains, uniq_eustachio
D:7:      minmay_temple_entry_junction, serial_shops, nicolae_shop_crystal,
          nicolae_for_you_no_charge, uniq_crazy_yiuf_cottage
D:8:      lemuel_crystal_altar, serial_shops, kennysheep_mini
D:9:      lair_0_dummy, uniq_erica, uniq_grum
D:10:     uniq_josephine
D:11:     serial_shops, nicolae_shop_behind_doors, shop, shop,
          nicolae_shop_crystal, shop_fountains, hangedman_stone_soup,
          minmay_three_doors, uniq_nergalle
D:12:     hiddenorc2_lemuel, uniq_sonja
Temple:   nicolae_temple_no_exploring_needed
Lair:1:   uniq_urug
Lair:2:   grunt_megastairs_3, lemuel_fruit_tree, lemuel_fruit_fields,
          serial_bayou_shore_b, lemuel_fruit_fields, lemuel_fruit_fields,
          infiniplex_staircase_pool_2
Lair:3:   shoals_dummy_entry
Lair:4:   minmay_lair_oklob_chamber, spider_nest_entry_rubble, special_room
Lair:6:   wad_woods_road_02, minivault_11, grunt_megastairs_2, uniq_rupert,
          uniq_snorg
Lair:7:   slime_dummy
Lair:8:   evil_forest
Shoals:2: st_shoals_ruin, uniq_frances, uniq_kirke, uniq_roxanne,
          uniq_polyphemus
Shoals:4: shoals_end_simple, shoal_ilsuiw
Spider:1: spider_trap
Spider:3: spider_trap, spiders_nest_the_unseen
Spider:4: grunt_spider_rune_circles, spiders_nest_spider_trap
Orc:1:    trog_hazing_becter
Orc:2:    portal_ice_cave_entry_ice_beasts, hangedman_minor_magic
Orc:3:    nicolae_orc_pool_cavern, abandoned_shop
Orc:4:    st_orc_open, serial_shops, nicolae_shop_waterfront
Elf:1:    hangedman_elf_represent
Elf:3:    grunt_elf_hall_diamonds, basic_altar, serial_shops,
          nicolae_shop_crystal, hex_intersection, spider_trap
IceCv:    ice_cave_small_necro

Action                   |  1- 3 |  4- 6 |  7- 9 | 10-12 | 13-15 | 16-18 | 19-21 || total
-------------------------+-------+-------+-------+-------+-------+-------+-------++-------
Melee: Long sword        |    62 |    98 |   504 |    66 |       |       |       ||   730
       Scimitar          |       |       |       |   634 |   985 |       |       ||  1619
       Triple sword      |       |       |       |    19 |       |       |       ||    19
       Great sword       |       |       |       |    10 |       |       |       ||    10
       Double sword      |       |       |       |       |   956 |  1469 |   127 ||  2552
       Unarmed           |       |       |       |       |       |    12 |       ||    12
Invok: Heroism           |       |       |       |     4 |     4 |     7 |     1 ||    16
       Finesse           |       |       |       |       |     4 |     5 |     1 ||    10
Evoke: Wand              |       |       |       |       |     3 |     6 |     3 ||    12
  Use: Scroll            |     9 |     5 |     9 |     7 |     9 |    11 |       ||    50
       Potion            |       |       |     1 |     1 |       |    10 |     1 ||    13
 Stab: Petrifying        |       |       |       |       |       |     1 |       ||     1
  Eat: Chunk             |       |     5 |    16 |    17 |    43 |    33 |     2 ||   116
       Fruit             |       |       |       |     1 |     1 |       |       ||     2
